 Dungeon Sprint DCSS version 0.16-a0-3943-gb4b81e6 (webtiles) character file.

321 BluebellGnoll the Warrior (level 6, 48/93 HPs)
             Began as an Ogre Berserker on Feb 8, 2015.
             Was a Believer of Trog.
             Quit the game in the Dungeon (Sprint II: "The Violet Keep of Menkaure").
             The game lasted 00:03:17 (280 turns).

BluebellGnoll the Warrior (Ogre Berserker)           Turns: 280, Time: 00:03:17

Health: 48/93      AC:  3    Str: 25      XL:     6   Next: 46%
Magic:  6/6        EV: 10    Int:  2 (6)  God:    Trog [**....]
Gold:   243        SH:  0    Dex:  9      Spells: 0 memorised, 5 levels left

rFire  . . .     SeeInvis .     a - +0 mace
rCold  . . .     Clarity  .     b - +0 animal skin (curse)
rNeg   . . .     SustAb   .     (shield restricted)
rPois  .         Gourm    .     (helmet restricted)
rElec  .         Spirit   .     (no cloak)
rCorr  .         Warding  .     (gloves unavailable)
rMut   .         NoTele   +     (boots unavailable)
MR     .....                    (no amulet)
Stlth  +.........               (no ring)
                                (no ring)

@: exhausted, not resistant to hostile enchantments, very unstealthy
A: unfitting armour, tough skin 1
a: Burn Spellbooks, Berserk, Trog's Hand, Renounce Religion


You were in the Dungeon.
You worshipped Trog.
Trog was pleased with you.
You were not hungry.

You visited 1 branch You collected 243 gold pieces.

Inventory:

Hand weapons
 a - a +0 mace (weapon)
Armour
 b - a cursed +0 animal skin (worn)
Scrolls
 i - a scroll of blinking
Potions
 d - a potion of curing
 e - a potion of heal wounds
 f - a potion of haste
 g - 2 potions of magic
 h - a potion of berserk rage
Comestibles
 c - a meat ration


   Skills:
 + Level 16.3 Fighting
 - Level 4.0 Maces & Flails
 - Level 1.5 Armour
 - Level 1.7 Dodging


You had 5 spell levels left.
You didn't know any spells.

Dungeon Overview and Level Annotations

Branches:
Dungeon (1/1)

Altars:

Shops:
D :%[*?}?[:([=!=(!

Annotations:
D exclusion: oklob plant


Innate Abilities, Weirdness & Mutations

You are too large for most types of armour.
You have tough skin (AC +1).


Message History

There is an entrance to Vaejuxa's Magic Scroll Shoppe here.
There is an entrance to Crongoyk's Food Emporium here.
There is an entrance to Amodymusk's General Store here.
You feel yourself speed up.
There is an entrance to Qehaqeh's Antique Armour Shoppe here.
There is an entrance to Pheze's Jewellery Shoppe here.
There is an entrance to Schiacho's Jewellery Shoppe here.
There is an entrance to Fritasyrph's Distillery here.
There is an entrance to Throxe's Armour Emporium here.
There is an entrance to Fakos' Magic Scroll Emporium here.
The death yak snorts and paws the ground.
There is an entrance to Amodymusk's General Store here.
There is an entrance to Qehaqeh's Antique Armour Shoppe here.
Really walk into a travel-excluded area? [Y]es or [N]o only, please.
Really walk into a travel-excluded area?
There is an entrance to Qepupp's Book Emporium here.
There is an entrance to Triyhiyd's Antique Weapon Shoppe here.
Unknown command.
Are you sure you want to abandon this character and quit the game? (Confirm with "yes".)

###########≈≈≈....
##.....∩.∩#≈≈≈≈.#
##....∩.∩.#≈≈≈≈##
##...∩.∩..#≈≈≈≈#
##..∩.∩...#≈≈###
##.⌠.∩....#≈##.###+#
##..∩.∩...#{#.#.##.##
##...∩.∩..+≈'.##'.<.+
##....@.∩.#≈#..###.##
#▓▓▓▓▓▓▓###≈##.# #+#
##[ZZ######≈≈###
#($Y#G ##≈≈≈# #∩P[+$
+#≈# #%$[#)# §§
#?.(### #+# #


You could see a death yak, an oklob plant and 2 spectral bats.

Vanquished Creatures
  Menkaure (D)
  4 brain worms (D)
5 creatures vanquished.

Notes
Turn   | Place    | Note
--------------------------------------------------------------
     0 | D        | BluebellGnoll, the Ogre Berserker, began the quest for the Orb.
     0 | D        | Reached XP level 1. HP: 24/24 MP: 1/1
     1 | D        | Noticed a brain worm
     5 | D        | Killed a brain worm
     5 | D        | Reached skill level 10 in Fighting
     5 | D        | Reached XP level 2. HP: 45/46 MP: 2/2
     5 | D        | Reached XP level 3. HP: 52/54 MP: 3/3
     5 | D        | Reached XP level 4. HP: 60/63 MP: 4/4
     8 | D        | Noticed a brain worm
    15 | D        | Killed a brain worm
    15 | D        | Reached skill level 13 in Fighting
    15 | D        | Reached XP level 5. HP: 17/76 MP: 5/5
   226 | D        | Noticed Menkaure
   231 | D        | Killed Menkaure
   231 | D        | Acquired Trog's second power
   231 | D        | Reached skill level 14 in Fighting
   232 | D        | Noticed a brain worm
   235 | D        | Killed a brain worm
   235 | D        | Reached skill level 15 in Fighting
   235 | D        | Reached XP level 6. HP: 55/91 MP: 6/6
   236 | D        | Found Piofigiqe's Weapon Emporium.
   236 | D        | Noticed a brain worm
   237 | D        | Found Triyhiyd's Antique Weapon Shoppe.
   237 | D        | Found Qepupp's Book Emporium.
   237 | D        | Found Qehaqeh's Antique Armour Shoppe.
   237 | D        | Found Pheze's Jewellery Shoppe.
   240 | D        | Killed a brain worm
   240 | D        | Reached skill level 16 in Fighting
   241 | D        | Found Schiacho's Jewellery Shoppe.
   241 | D        | Found Fritasyrph's Distillery.
   250 | D        | Found Striqafawk's Antique Armour Shoppe.
   250 | D        | Found Vaejuxa's Magic Scroll Shoppe.
   250 | D        | Found Amodymusk's General Store.
   250 | D        | Found Fakos' Magic Scroll Emporium.
   250 | D        | Found Throxe's Armour Emporium.
   251 | D        | Found Crongoyk's Food Emporium.
   252 | D        | Found Arogaamn's Distillery.
   252 | D        | Found Cosmizuu's Gadget Emporium.
   253 | D        | Noticed a crocodile
   256 | D        | Found Grun's Book Shoppe.
   256 | D        | Noticed an oklob plant
   258 | D        | Noticed a death yak
   260 | D        | Noticed a shining eye
   280 | D        | Quit the game

Action                   |  1- 3 |  4- 6 || total
-------------------------+-------+-------++-------
Melee: Mace              |     3 |    18 ||    21
Invok: Berserk           |     1 |     1 ||     2
